 Dungeon Crawl Stone Soup version 0.26.1-2-gb8aa6d0cf2 (webtiles) character file.

Game seed: 13411097148290892030

402470 Electrofox the Slayer (level 22, 0/213 HPs)
             Began as a Minotaur Fighter on Feb 12, 2021.
             Was the Champion of Okawaru.
             Killed by divine providence
             ... invoked by a mummy priest
              (14 damage)
             ... on level 2 of the Tomb of the Ancients on Feb 28, 2021.
             The game lasted 08:17:37 (69368 turns).

Electrofox the Slayer (Minotaur Fighter)           Turns: 69368, Time: 08:17:38

Health: 0/213      AC: 40    Str: 27      XL:     22   Next: 30%
Magic:  30/36      EV: 13    Int:  4 (6)  God:    Okawaru [******]
Gold:   6678       SH: 22    Dex: 12      Spells: 21/21 levels left

rFire    + + .     SeeInvis +   a - +7 morningstar (holy)
rCold    + + +     Faith    .   I - +1 kite shield {rF+}
rNeg     + + .     Spirit   .   W - +2 crystal plate armour "Rushrip" {rN++ Int-5}
rPois    +         Reflect  +   K - +1 hat {Will+}
rElec    +         Harm     .   Y - scarf {rC+ rF+}
rCorr    .         Rampage  .   u - +1 pair of gloves {Str+3}
Will     ++...                  P - +2 pair of boots {Stlth+}
Stlth    ..........             C - amulet of Xom's Righteous Fury {Reflect rC+ Str+3 Int+3 SH+5}
HPRegen  0.45/turn              T - ring of the Enemy {rElec rPois rC+ Str-5 SInv}
MPRegen  0.25/turn              F - ring of magical power

@: about to teleport, heroism, finesse, slowed, very slow
A: retaliatory headbutt, horns 2
}: 2/15 runes: decaying, serpentine
a: Renounce Religion, Heroism, Finesse


You were on level 2 of the Tomb of the Ancients.
You worshipped Okawaru.
Okawaru was exalted by your worship.
You visited 10 branches of the dungeon, and saw 41 of its levels.
You also visited: Ice Cave.

You collected 6823 gold pieces.
You spent 145 gold pieces at shops.

Inventory:

Hand Weapons
 a - a +7 morningstar of holy wrath (weapon)
 b - the +3 sling "Punk" {acid, rCorr}
   (You found it in an ice cave)

   It provides partial protection from all sources of acid and corrosion.
Missiles
 e - 79 poisoned darts (quivered)
 f - 185 sling bullets
 p - 16 curare-tipped darts
 w - 5 boomerangs
 Q - 30 silver javelins
Armour
 g - +9 gold dragon scales
 t - a +0 cloak
 u - a +1 pair of gloves of strength (worn)
 I - a +1 kite shield of fire resistance (worn)
 K - a +1 hat of willpower (worn)
 P - a +2 pair of boots of stealth (worn)
 W - the +2 crystal plate armour "Rushrip" (worn) {rN++ Int-5}
   (Okawaru gifted it to you in an ice cave)

   It affects your intelligence (-5).
   It greatly protects you from negative energy.
 Y - a scarf of resistance (worn)
Jewellery
 C - the amulet of Xom's Righteous Fury (around neck) {Reflect rC+ Str+3 Int+3 SH+5}
   (You found it on level 3 of the Lair of Beasts)

   [amulet of reflection]

   It shields you and reflects attacks.
   It affects your strength (+3).
   It affects your intelligence (+3).
   It protects you from cold.
   It affects your SH (+5).
 F - a ring of magical power (right hand)
 T - the ring of the Enemy (left hand) {rElec rPois rC+ Str-5 SInv}
   (You found it on level 3 of the Lair of Beasts)

   [ring of protection from cold]

   It affects your strength (-5).
   It protects you from cold.
   It insulates you from electricity.
   It protects you from poison.
   It lets you see invisible.
Wands
 c - a wand of disintegration (30)
 x - a wand of iceblast (22)
 J - a wand of acid (11)
 L - a wand of paralysis (42)
 S - a wand of digging (14)
 X - a wand of flame (83)
Scrolls
 i - 11 scrolls of remove curse
 j - 8 scrolls of fear
 l - a scroll of enchant weapon
 o - 11 scrolls of teleportation
 v - a scroll of holy word
 y - a scroll of summoning
 B - 2 scrolls of magic mapping
 D - 8 scrolls of immolation
 M - 10 scrolls of identify
 N - 7 scrolls of blinking
 U - 2 scrolls of silence
 V - 7 scrolls of fog
Potions
 d - 4 potions of might
 h - 2 potions of cancellation
 k - 8 potions of flight
 n - 3 potions of heal wounds
 q - 15 potions of curing
 s - 7 potions of mutation
 z - 7 potions of haste
 A - 9 potions of lignification
 E - 2 potions of berserk rage
 R - 2 potions of ambrosia
 Z - 3 potions of resistance
Miscellaneous
 r - a phantom mirror (inert)
 G - a tin of tremorstones (2/2)
 H - a phial of floods


   Skills:
 + Level 21.4(26.4) Fighting
 - Level 12.7(17.7) Short Blades
 - Level 3.9(18.2) Axes
 - Level 15.8(21.0) Maces & Flails
 - Level 11.7(17.0) Polearms
 - Level 13.4(19.0) Slings
 - Level 5.8(15.1) Throwing
 + Level 21.1(26.1) Armour
 - Level 8.0(13.0) Dodging
 - Level 15.0(20.0) Shields
 - Level 8.0 Invocations
 * Level 11.9 Evocations


You had 21 spell levels left.
You didn't know any spells.
Your spell library contained the following spells:

 Spells                   Type           Power        Failure   Level
 Animate Skeleton         Necr           0%           98%         1
 Corona                   Hex            0%           98%         1
 Magic Dart               Conj           0%           98%         1
 Pain                     Necr           0%           98%         1
 Sting                    Tmut/Pois      0%           98%         1
 Corpse Rot               Necr/Air       N/A          99%         2
 Ensorcelled Hibernation  Hex/Ice        0%           99%         2
 Poisonous Vapours        Pois/Air       0%           99%         2
 Searing Ray              Conj           0%           99%         2
 Slow                     Hex            0%           99%         2
 Sublimation of Blood     Necr           0%           99%         2
 Swiftness                Air            0%           99%         2
 Confusing Touch          Hex            0%           100%        3
 Dazzling Flash           Conj/Hex       0%           100%        3
 Frozen Ramparts          Ice            0%           100%        3
 Gell's Gravitas          Tloc           0%           100%        3
 Ignite Poison            Fire/Tmut/Pois 0%           100%        3
 Inner Flame              Hex/Fire       0%           100%        3
 Mephitic Cloud           Conj/Pois/Air  0%           100%        3
 Portal Projectile        Hex/Tloc       0%           100%        3
 Static Discharge         Conj/Air       0%           100%        3
 Tukima's Dance           Hex            0%           100%        3
 Vampiric Draining        Necr           0%           100%        3
 Animate Dead             Necr           0%           100%        4
 Cause Fear               Hex            0%           100%        4
 Fulminant Prism          Conj/Hex       0%           100%        4
 Ice Form                 Ice/Tmut       0%           100%        4
 Iskenderun's Mystic Bla  Conj/Tloc      0%           100%        4
 Leda's Liquefaction      Hex/Erth       0%           100%        4
 Olgreb's Toxic Radiance  Pois           0%           100%        4
 Petrify                  Tmut/Erth      0%           100%        4
 Agony                    Necr           0%           100%        5
 Alistair's Intoxication  Tmut/Pois      0%           100%        5
 Bolt of Magma            Conj/Fire/Erth 0%           100%        5
 Borgnjor's Vile Clutch   Necr/Erth      0%           100%        5
 Irradiate                Conj/Tmut      0%           100%        5
 Iskenderun's Battlesphe  Conj           0%           100%        5
 Metabolic Englaciation   Hex/Ice        0%           100%        5
 Silence                  Hex/Air        0%           100%        5
 Summon Demon             Summ           0%           100%        5
 Summon Forest            Summ/Tloc      0%           100%        5
 Summon Mana Viper        Hex/Summ       0%           100%        5
 Yara's Violent Unravell  Hex/Tmut       0%           100%        5
 Conjure Ball Lightning   Conj/Air       0%           100%        6
 Death Channel            Necr           0%           100%        6
 Eringya's Noxious Bog    Tmut/Pois      0%           100%        6
 Freezing Cloud           Conj/Ice/Air   0%           100%        6
 Hydra Form               Tmut           0%           100%        6
 Iron Shot                Conj/Erth      0%           100%        6
 Ozocubu's Refrigeration  Ice            0%           100%        6
 Shadow Creatures         Summ           N/A          100%        6
 Simulacrum               Ice/Necr       0%           100%        6
 Statue Form              Tmut/Erth      0%           100%        6
 Dragon Form              Tmut           0%           100%        7
 Malign Gateway           Summ/Tloc      0%           100%        7
 Orb of Destruction       Conj           0%           100%        7
 Spellforged Servitor     Conj/Summ      0%           100%        7
 Summon Hydra             Summ           0%           100%        7
 Discord                  Hex            0%           100%        8


Dungeon Overview and Level Annotations

Branches:
Dungeon (15/15)            Temple (1/1) D:7            Lair (6/6) D:10
  Swamp (4/4) Lair:4        Snake (4/4) Lair:3          Orc (1/2) D:11
 Vaults (4/5) D:13          Crypt (3/3) Vaults:3       Tomb (2/3) Crypt:3
 Depths (1/5) D:15          IceCv (visited)
  Slime: Lair:5-6

Altars:
Ashenzari
Cheibriados
Dithmenos
Elyvilon
Fedhas
Gozag
Hepliaklqana
Kikubaaqudgha
Makhleb
Nemelex Xobeh
Okawaru
Qazlal
Ru
Sif Muna
Trog
Uskayaw
Vehumet
Wu Jian
Xom
Yredelemnul
Zin
The Shining One

Shops:
D:10 *   D:11 *   D:14 :   Vaults:1 *   Vaults:2 (   Vaults:3 !

Annotations:
D:5 2 transporters, exclusion: downstairs, McKennaii's ghost, novice DECj
D:11 4 runed translucent doors, exclusion: 4 doors
D:14 Roxanne
Lair:1 exclusion: oklob plant
Lair:4 2 transporters, exclusions: downstairs and 2 oklob plants, Fiha's ghost, journeyman VSTm
Lair:5 exclusion: 2 oklob plants
Lair:6 exclusion: 3 oklob plants
Swamp:1 2 transporters, exclusions: downstairs and orange crystal statue
Swamp:4 Lernaean hydra
Vaults:3 Xtahua
Depths:1 Nikola


Innate Abilities, Weirdness & Mutations

You reflexively headbutt those who attack you in melee.
You have a pair of horns on your head.


Message History

The ancient lich blinks! x2; The orange demon blinks!
The rust devil blinks!
The ancient lich blinks!
The emperor scorpion blinks!
The mummy priest blinks!
The guardian mummy blinks!
The ushabti blinks!
The wight blinks!
The rust devil blinks!
The tormentor blinks!
The sixfirhy blinks!
The emperor scorpion blinks!
The mummy priest blinks!
The skeletal warrior blinks!
The frost giant skeleton blinks!
The sixfirhy blinks!
The mummy blinks!
You blink.
The guardian mummy blinks!
Your ancient lich is smitten.
The royal mummy gestures wildly while chanting.
The hellwing swoops through the air toward you!
You block the hellwing's attack.
The hellwing hits you but does no damage.
The ushabti shakes and rattles.
The vile air hits the sun demon but does no damage.
The vile air hits you.
* * * LOW HITPOINT WARNING * * *
The vile air hits the skeletal warrior but does no damage.
The mummy priest mumbles some strange prayers to its god against you.
Something smites you!
You die...

...§..............#
..§....☼§Z....§ ..#
.§..§.☼M§*.M. ..#
#..§M○§○..# .#
#.M.W§§V8.#
#..§§§§§..#
#.§2z☼..§.#
#...○MsB..#
#Z.@B4MM§.#
#M43Mz.M§§#
....M8.M.......
...^...s.........
............s3...
..##..........)## .
##.........##
##...#...##


You could see 2 royal mummies, 3 emperor scorpions, 2 mummy priests, a skeletal
warrior, a jiangshi (summoned), a sun demon (summoned), a shadow wraith
(summoned, invisible), an orange demon (summoned), a hellwing (summoned), 3
guardian mummies, 2 ushabtiu, a sixfirhy (summoned), a tormentor (summoned), 2
death scarabs, 5 mummies, a wight (summoned), a snapping turtle skeleton
(summoned) and a frost giant skeleton.

Vanquished Creatures
  Khufu (Crypt:2)
  2 ancient liches (Crypt:3)
  3 royal mummies
  Boris (Crypt:3)
  Bai Suzhen (Swamp:3)
  A bone dragon (Crypt:3)
  Jory (Vaults:3)
  Rupert (D:14)
  3 liches
  Gastronok (D:11)
  2 ancient champions (Crypt:1)
  Agnes (D:15)
  6 sphinxes
  Kirke (Swamp:3)
  A tengu reaver (Vaults:3)
  4 revenants
  3 vault wardens
  11 nagarajas
  A frost giant (Vaults:4)
  3 curse skulls
  4 war gargoyles
  Louise (D:15)
  2 ghouls (Crypt:2)
  A reaper (Crypt:2)
  3 stone giants
  4 very ugly things
  8 ironheart preservers
  5 vampire knights
  A deep elf demonologist (Vaults:1)
  5 bunyips
  2 entropy weavers
  Snorg (D:12)
  2 eleionomae
  An eidolon (Crypt:2)
  3 ettins
  A merfolk impaler (Depths:1)
  9 mummy priests (Tomb:1)
  A deep elf death mage (Vaults:3)
  4 yaktaur captains
  3 fire dragons
  2 crystal guardians
  A shambling mangrove (Swamp:4)
  Josephine (D:15)
  A great orb of eyes (Vaults:1)
  5 ogre magi
  2 rakshasas
  4 vault guards
  11 jiangshi
  3 ice dragons
  4 boulder beetles
  15 naga warriors
  15 hydras
  A ghost crab (Swamp:4)
  5 death knights
  5 centaur warriors
  3 catoblepae (Lair:6)
  17 two-headed ogres
  5 alligators
  21 anacondas
  26 death scarabs
  7 tengu warriors
  5 vampire magi
  A deep troll shaman (Vaults:1)
  A fenstrider witch skeleton (Crypt:1)
  26 death yaks
  2 deep troll earth magi
  12 naga sharpshooters
  5 deep elf knights
  5 shock serpents
  2 soul eaters (Crypt:2)
  A fire crab (shapeshifter) (Depths:1)
  2 storm dragon zombies
  8 shadow wraiths
  5 goliath frogs
  A spark wasp zombie (Crypt:1)
  4 salamander mystics
  29 skeletal warriors
  9 sea snakes (Snake:4)
  An unseen horror (shapeshifter) (Vaults:1)
  2 flayed ghosts
  2 glowing orange brains (Vaults:2)
  4 unseen horrors
  14 swamp dragons
  4 spriggan druids
  6 deep trolls
  A deep troll (shapeshifter) (Vaults:3)
  5 deep elf archers
  8 bog bodies
  A shadow dragon zombie (Crypt:2)
  11 phantasmal warriors
  2 quicksilver dragon simulacra (Crypt:1)
  An iron dragon zombie (Crypt:3)
  4 necromancers
  3 wizards
  6 ironbrand convokers
  25 ugly things
  11 naga ritualists
  12 mana vipers
  8 orc knights
  A golden dragon skeleton (Crypt:2)
  4 wolf spiders
  4 harpies (Vaults:3)
  2 orc sorcerers
  A wolf spider (shapeshifter) (Vaults:1)
  An iron dragon skeleton (Tomb:1)
  10 deep elf magi
  7 cyclopes
  16 salamanders
  An oklob plant (Lair:6)
  6 will-o-the-wisps
  A frost giant zombie (Crypt:3)
  2 manticores (Lair:6)
  2 frost giant skeletons
  A shadow dragon skeleton (Crypt:1)
  A dire elephant zombie (Crypt:3)
  4 elephants (Lair:4)
  9 guardian serpents
  10 fire giant skeletons
  3 ice statues (IceCv)
  20 naga magi
  43 black mambas
  12 vault sentinels
  A torpor snail (Lair:5)
  9 cane toads
  6 gargoyles
  21 freezing wraiths
  A dire elephant skeleton (Crypt:3)
  2 rime drakes
  2 catoblepas zombies
  A green draconian zombie (Tomb:1)
  A kobold demonologist (D:11)
  A white draconian zombie (Crypt:2)
  A ghost moth simulacrum (Crypt:1)
  19 yaktaurs
  An anaconda simulacrum (Crypt:1)
  A spriggan zombie (D:15)
  9 komodo dragons
  14 guardian mummies
  A tengu conjurer (D:14)
  5 ice devils (IceCv)
  4 trolls
  3 hydra zombies
  3 polar bears (Lair:3)
  A jumping spider (shapeshifter) (D:13)
  15 hornets
  10 tyrant leeches
  A meliai (D:13)
  A bloated husk (Swamp:1)
  A jumping spider zombie (Crypt:1)
  A hornet (shapeshifter) (Vaults:1)
  21 slime creatures
  A stone giant simulacrum (Crypt:1)
  A sphinx simulacrum (Vaults:1)
  A blink frog (shapeshifter) (Vaults:1)
  A fire dragon zombie (Crypt:2)
  2 shadow dragon simulacra
  10 dream sheep
  8 blink frogs
  2 fire giant simulacra (Crypt:1)
  2 iron dragon simulacra (Crypt:1)
  2 spriggan skeletons (D:15)
  8 flying skulls
  2 hydra skeletons (Crypt:3)
  7 fire dragon skeletons (Crypt:3)
  2 ice dragon zombies
  12 spriggans
  2 water elementals
  A black mamba zombie (Tomb:1)
  40 yaks
  4 wyverns
  2 shock serpent simulacra (Crypt:1)
  7 vampires
  2 redbacks (Vaults:3)
  A dire elephant simulacrum (Crypt:1)
  6 shadows
  2 tarantellas (Vaults:1)
  An ice dragon skeleton (Crypt:2)
  An ushabti (Tomb:1)
  A fire bat (shapeshifter) (Depths:1)
  19 wraiths
  2 basilisks
  2 hogs (Swamp:3)
  A fire bat (D:12)
  A steam dragon (D:13)
  4 vampire mosquitoes (Swamp:1)
  Menkaure (D:4)
  A harpy simulacrum (Crypt:1)
  A warg (Vaults:3)
  14 swamp worms
  46 nagas
  2 soldier ants
  2 acid dragons
  A merfolk zombie (Crypt:3)
  12 water moccasins
  3 sky beasts
  9 swamp drakes
  19 orc warriors
  13 ice beasts
  A cane toad skeleton (Crypt:3)
  A fire dragon simulacrum (Crypt:2)
  8 wolves
  An ice dragon simulacrum (Crypt:1)
  3 black bears
  A hornet zombie (Crypt:2)
  A snapping turtle zombie (Crypt:2)
  An ettin simulacrum (Crypt:1)
  A black mamba simulacrum (Crypt:1)
  4 phantoms
  3 necrophages
  A swamp dragon zombie (Crypt:3)
  A centaur (shapeshifter) (Vaults:1)
  7 boggarts (Depths:1)
  20 ogres
  7 centaurs
  A blink frog skeleton (Crypt:1)
  3 big kobolds
  29 bullfrogs
  4 gnoll sergeants (D:11)
  2 human simulacra
  A wyvern zombie (D:14)
  An elf skeleton (Crypt:1)
  4 scorpions
  3 killer bees (D:8)
  A snapping turtle simulacrum (Crypt:1)
  8 electric eels
  3 wights
  3 howler monkeys
  2 draconian simulacra (IceCv)
  3 bullfrog zombies
  7 centaur zombies
  16 orc priests
  3 bullfrog skeletons
  8 hounds
  4 jellies
  5 centaur skeletons
  Crazy Yiuf (D:3)
  Ijyb (D:3)
  5 iguanas
  Jessica (D:3)
  17 orc wizards
  Terence (D:2)
  4 troll simulacra (IceCv)
  15 worker ants
  A killer bee zombie (Crypt:2)
  A tengu zombie (Crypt:2)
  A naga zombie (Crypt:3)
  A centaur simulacrum (IceCv)
  A felid skeleton (Crypt:1)
  2 hound skeletons
  12 mummies
  A howler monkey zombie (D:6)
  18 gnolls
  A scorpion zombie (Crypt:2)
  A swamp drake zombie (Crypt:2)
  13 adders
  2 naga simulacra (IceCv)
  A swamp drake skeleton (Crypt:2)
  4 shadow imps
  2 white imps
  2 ufetubi
  4 oozes
  2 worms
  2 dart slugs
  5 leopard geckos
  73 orcs
  9 giant cockroaches
  9 goblins
  9 hobgoblins
  24 jackals
  6 quokkas
  A ball python (D:5)
  6 bats
  A dart slug zombie (Crypt:2)
  6 frilled lizards
  A jackal skeleton (D:4)
  8 kobolds
  A kobold skeleton (Crypt:3)
  11 rats
1573 creatures vanquished.

Vanquished Creatures (collateral kills)
  2 mummies (Tomb:2)
2 creatures vanquished.

Vanquished Creatures (others)
  A shadow wraith (Crypt:1)
  A bloated husk (Swamp:1)
  A swamp worm (Swamp:1)
  A boggart (Depths:1)
  A quokka (D:9)
  28 foxfires
  13 fungi
  77 plants
  2 withered plants (D:15)
125 creatures vanquished.

Grand Total: 1700 creatures vanquished

Notes
Turn   | Place    | Note
-------+----------+-------------------------------------------
     0 | D:1      | Electrofox the Minotaur Fighter began the quest for the
                  | Orb.
     0 | D:1      | Reached XP level 1. HP: 19/19 MP: 0/0
    90 | D:1      | Reached XP level 2. HP: 25/26 MP: 1/1
   500 | D:2      | Reached skill level 1 in Short Blades
   632 | D:2      | Reached XP level 3. HP: 31/31 MP: 2/2
   702 | D:2      | Found a radiant altar of Vehumet.
   934 | D:2      | Noticed Terence
   943 | D:2      | Killed Terence
   944 | D:2      | Reached XP level 4. HP: 31/39 MP: 3/3
  1330 | D:3      | Noticed Jessica
  1744 | D:2      | Reached XP level 5. HP: 34/45 MP: 4/4
  2056 | D:3      | Reached skill level 5 in Short Blades
  2086 | D:3      | Found a sacrificial altar of Ru.
  2257 | D:3      | Reached XP level 6. HP: 36/51 MP: 5/5
  2529 | D:3      | Noticed Ijyb
  2540 | D:3      | Killed Ijyb
  2817 | D:3      | You fall into a shaft and drop 1 floor!
  2870 | D:4      | Got a pitted leather armour
  2928 | D:3      | Found a runed translucent door.
  2929 | D:3      | Noticed Crazy Yiuf
  3130 | D:3      | Killed Jessica
  3238 | D:4      | Identified the +3 leather armour of Negation {rF+ rC+ Str+3
                  | Stlth+} (You found it on level 4 of the Dungeon)
  3267 | D:4      | Found a shimmering altar of Xom.
  3278 | D:4      | Found a shimmering altar of Xom.
  3278 | D:4      | Found a shimmering altar of Xom.
  3278 | D:4      | Found a shimmering altar of Xom.
  3279 | D:4      | Found a shimmering altar of Xom.
  3286 | D:4      | Found a shimmering altar of Xom.
  3392 | D:4      | Reached XP level 7. HP: 55/57 MP: 6/6
  3721 | D:4      | Noticed Menkaure
  3736 | D:4      | Killed Menkaure
  4111 | D:5      | Entered Level 5 of the Dungeon
  4409 | D:5      | Found a transporter.
  4418 | D:5      | Noticed McKennaii's ghost (novice DECj)
  4448 | D:5      | Found a transporter.
  4874 | D:5      | Found an opulent altar of Gozag.
  4975 | D:5      | Reached XP level 8. HP: 64/64 MP: 7/7
  5053 | D:6      | Reached skill level 10 in Short Blades
  5996 | D:3      | Killed Crazy Yiuf
  6049 | D:4      | Found a hide-covered altar of Uskayaw.
  6115 | D:7      | Reached XP level 9. HP: 65/70 MP: 8/8
  6433 | D:7      | Found a burning altar of Makhleb.
  6435 | D:7      | Found a glowing silver altar of Zin.
  6435 | D:7      | Noticed an angel
  6436 | D:7      | Noticed a cacodemon
  6514 | D:7      | Reached skill level 5 in Shields
  6548 | D:7      | Reached skill level 5 in Armour
  6568 | D:7      | Found an ancient bone altar of Kikubaaqudgha.
  6569 | D:7      | Found an opulent altar of Gozag.
  6570 | D:7      | Found a blossoming altar of Fedhas.
  6708 | D:7      | Found a staircase to the Ecumenical Temple.
  6713 | Temple   | Entered the Ecumenical Temple
  6809 | Temple   | Became a worshipper of Warmaster Okawaru
  7203 | D:8      | Reached skill level 5 in Fighting
  7335 | D:8      | Paralysed by a hornet for 3 turns
  7546 | D:8      | Got a blackened leather armour
  7752 | D:8      | Found a shimmering altar of Xom.
  7753 | D:8      | Found a hazy altar of Hepliaklqana.
  7754 | D:8      | Noticed a spectral ugly thing
  7884 | D:8      | Reached * piety under Okawaru
  8542 | D:9      | Found a snail-covered altar of Cheibriados.
  8798 | D:9      | Reached XP level 10. HP: 80/84 MP: 9/9
  8924 | D:9      | Found a white marble altar of Elyvilon.
  9333 | D:10     | Entered Level 10 of the Dungeon
  9463 | D:10     | Found a staircase to the Lair.
  9923 | D:10     | Reached ** piety under Okawaru
  9958 | D:10     | Noticed a two-headed ogre
 10030 | D:10     | Found Pucrix's General Store.
 10710 | D:10     | Reached *** piety under Okawaru
 11134 | D:10     | Killed a two-headed ogre
 11231 | D:11     | Noticed a gargoyle
 11315 | D:11     | Noticed a cyclops
 11364 | D:11     | Noticed Gastronok
 11472 | D:11     | Identified the Grimoire of the Birds and Ice
 11478 | D:11     | Found a huge runed translucent gate.
 11478 | D:11     | Found a huge runed translucent gate.
 11478 | D:11     | Noticed a death yak
 11479 | D:11     | Noticed a death yak
 11479 | D:11     | Found a huge runed translucent gate.
 11480 | D:11     | Noticed a death yak
 11480 | D:11     | Found a huge runed translucent gate.
 11480 | D:11     | Noticed a manticore
 11891 | D:11     | Killed a gargoyle
 12187 | D:11     | Reached XP level 11. HP: 87/95 MP: 10/10
 12259 | D:11     | Noticed a two-headed ogre
 12299 | D:11     | Killed a two-headed ogre
 12299 | D:11     | Reached **** piety under Okawaru
 12314 | D:11     | Found Zaocw's Assorted Antiques.
 12314 | D:11     | Noticed a brown ugly thing
 12562 | D:11     | Found a staircase to the Orcish Mines.
 12620 | D:10     | Reached skill level 10 in Shields
 12964 | D:11     | Killed Gastronok
 12964 | D:11     | Reached ***** piety under Okawaru
 12965 | D:11     | Reached skill level 10 in Armour
 13911 | D:11     | Killed a brown ugly thing
 13912 | D:11     | Reached skill level 1 in Polearms
 14018 | D:11     | Received a gift from Okawaru
 14111 | D:12     | Noticed Snorg
 14111 | D:12     | Noticed a six-headed hydra
 14207 | D:12     | Noticed a six-headed hydra
 14228 | D:12     | Noticed Sonja
 14232 | D:12     | Noticed Sonja
 14232 | D:12     | Sonja changed into Sonja the fire bat
 14242 | D:12     | Killed Sonja the fire bat
 14243 | D:12     | Reached skill level 10 in Fighting
 14243 | D:12     | Reached skill level 1 in Invocations
 14243 | D:12     | Killed a six-headed hydra
 14491 | D:12     | Noticed a two-headed ogre
 14613 | D:12     | Killed Snorg
 14622 | D:12     | Killed a six-headed hydra
 14623 | D:12     | Reached XP level 12. HP: 30/106 MP: 13/13
 15189 | D:12     | Reached skill level 5 in Polearms
 15684 | D:12     | Killed a two-headed ogre
 16150 | Lair:1   | Entered Level 1 of the Lair of Beasts
 16233 | Lair:1   | Reached skill level 5 in Invocations
 16344 | Lair:1   | Reached skill level 1 in Throwing
 16371 | Lair:1   | Noticed a four-headed hydra
 16381 | Lair:1   | Killed a four-headed hydra
 17498 | Lair:2   | Received a gift from Okawaru
 17691 | Lair:2   | Noticed a boulder beetle
 17710 | Lair:2   | Killed a boulder beetle
 18526 | Lair:3   | Found a staircase to the Snake Pit.
 18714 | Lair:3   | Got a fine ruby amulet
 18721 | Lair:3   | Identified the amulet of Xom's Righteous Fury {Reflect rC+
                  | Str+3 Int+3 SH+5} (You found it on level 3 of the Lair of
                  | Beasts)
 18741 | Lair:3   | Noticed a death yak
 18741 | Lair:3   | Noticed a death yak
 18843 | Lair:3   | Killed a death yak
 18897 | Lair:3   | Noticed a six-headed hydra
 18909 | Lair:3   | Killed a six-headed hydra
 18910 | Lair:3   | Reached XP level 13. HP: 102/113 MP: 16/16
 19141 | Lair:2   | Reached skill level 10 in Polearms
 20200 | Lair:3   | Got a scintillating golden ring
 20202 | Lair:3   | Identified the ring of the Enemy {rElec rPois rC+ Str-5
                  | SInv} (You found it on level 3 of the Lair of Beasts)
 20400 | Lair:3   | Reached ****** piety under Okawaru
 20401 | Lair:3   | Reached skill level 5 in Throwing
 20594 | Lair:4   | Found a frozen archway.
 20729 | IceCv    | Entered an ice cave
 20913 | IceCv    | Received a gift from Okawaru
 21594 | IceCv    | Found the +3 sling "Punk" {acid, rCorr}
 21765 | IceCv    | Received a gift from Okawaru
 21766 | IceCv    | Got a distressingly furry crystal plate armour {god gift}
 21865 | IceCv    | Identified the +2 crystal plate armour "Rushrip" {rN++
                  | Int-5} (Okawaru gifted it to you in an ice cave)
 21910 | Lair:4   | Noticed Fiha's ghost (journeyman VSTm)
 21949 | Lair:4   | Found a transporter.
 21964 | Lair:4   | Found a transporter.
 23032 | Orc:1    | Entered Level 1 of the Orcish Mines
 23045 | D:11     | Reached skill level 1 in Slings
 23248 | Lair:4   | Found a staircase to the Swamp.
 23338 | Lair:5   | Found an ornate altar of the Wu Jian Council.
 23349 | Lair:4   | Reached skill level 1 in Dodging
 24647 | Lair:5   | Reached XP level 14. HP: 63/124 MP: 19/19
 25906 | Lair:5   | Reached skill level 5 in Slings
 26316 | Lair:6   | Entered Level 6 of the Lair of Beasts
 26360 | Lair:6   | Found a glowing golden altar of the Shining One.
 27333 | Lair:6   | Received a gift from Okawaru
 27339 | Lair:6   | Lost intelligence.
 27414 | Lair:6   | Received a gift from Okawaru
 28124 | Lair:6   | Reached skill level 5 in Dodging
 28297 | Swamp:1  | Entered Level 1 of the Swamp
 28870 | Swamp:1  | Found a transporter.
 28897 | Swamp:1  | Found a transporter.
 29110 | Swamp:1  | Received a gift from Okawaru
 29837 | Swamp:2  | Reached XP level 15. HP: 85/134 MP: 20/20
 30967 | Swamp:2  | Received a gift from Okawaru
 31972 | Swamp:3  | Received a gift from Okawaru
 32221 | Swamp:3  | Identified a scroll of acquirement
 32264 | Swamp:3  | Received a gift from Okawaru
 32367 | Swamp:3  | Noticed Kirke
 32482 | Swamp:3  | Reached skill level 10 in Slings
 32574 | Swamp:3  | Killed Kirke
 32724 | Swamp:4  | Entered Level 4 of the Swamp
 32773 | Swamp:4  | Noticed Bai Suzhen
 32905 | Swamp:3  | Acquired 797 gold pieces
 32971 | Swamp:3  | Killed Bai Suzhen
 33930 | Swamp:4  | Noticed a thorn hunter
 34361 | Swamp:4  | Received a gift from Okawaru
 34516 | Swamp:4  | Received a gift from Okawaru
 34827 | Swamp:4  | Received a gift from Okawaru
 34917 | Swamp:3  | Received a gift from Okawaru
 35076 | Swamp:4  | Reached XP level 16. HP: 126/145 MP: 21/21
 35186 | Swamp:4  | Got a decaying rune of Zot
 35289 | Swamp:4  | Noticed the 27-headed Lernaean hydra
 35292 | Swamp:4  | Reached skill level 1 in Evocations
 35402 | Lair:3   | Acquired 1080 gold pieces
 35726 | D:13     | Received a gift from Okawaru
 36747 | D:13     | Found a gate to the Vaults.
 36771 | D:13     | Reached skill level 1 in Maces & Flails
 37060 | D:14     | Noticed Rupert
 37372 | D:14     | Found Uneeniwk's Book Shoppe.
 37451 | D:14     | Identified Roxanne's Incunabulum of the Rocks
 37451 | D:14     | Noticed Roxanne
 38010 | D:14     | Paralysed by Rupert for 6 turns
 38029 | D:14     | Paralysed by Rupert for 7 turns
 38080 | D:14     | Killed Rupert
 38334 | D:15     | Entered Level 15 of the Dungeon
 38662 | Snake:1  | Entered Level 1 of the Snake Pit
 38824 | Snake:1  | Reached skill level 5 in Maces & Flails
 38901 | Snake:1  | Received a gift from Okawaru
 39632 | Snake:2  | Received a gift from Okawaru
 39772 | Snake:2  | Received a gift from Okawaru
 39820 | Snake:2  | Received a gift from Okawaru
 39841 | Snake:2  | Got a heavily runed ring mail {god gift}
 40250 | Snake:2  | Reached XP level 17. HP: 142/154 MP: 22/22
 40267 | Snake:2  | Reached skill level 15 in Fighting
 40315 | Snake:2  | You fall into a shaft and drop 1 floor!
 41512 | Snake:3  | Reached skill level 10 in Maces & Flails
 41790 | Snake:3  | Received a gift from Okawaru
 41791 | Snake:3  | Reached skill level 15 in Armour
 42118 | Snake:3  | Received a gift from Okawaru
 42458 | Snake:2  | Found a runed translucent door.
 42608 | Snake:2  | Received a gift from Okawaru
 42627 | Snake:2  | Identified the +3 ring mail of Gestures {rC- Will- Regen+
                  | Stlth+} (Okawaru gifted it to you on level 2 of the Snake
                  | Pit)
 42754 | Snake:2  | You fall into a shaft and drop 1 floor!
 43155 | Snake:4  | Entered Level 4 of the Snake Pit
 44267 | Snake:4  | Received a gift from Okawaru
 45271 | Snake:2  | Identified the Almanac of Ghastly Flames
 45397 | Snake:2  | Reached XP level 18. HP: 121/166 MP: 23/23
 46793 | Snake:4  | Received a gift from Okawaru
 47227 | Snake:4  | Got a serpentine rune of Zot
 47697 | D:15     | Noticed Louise
 47708 | D:15     | Found a staircase to the Depths.
 47749 | D:15     | Killed Louise
 47804 | D:15     | Noticed Josephine
 47824 | D:15     | Killed Josephine
 48069 | D:15     | Received a gift from Okawaru
 48612 | D:15     | Noticed Agnes
 48628 | D:15     | Killed Agnes
 48628 | D:15     | Received a gift from Okawaru
 48832 | Vaults:1 | Entered Level 1 of the Vaults
 49226 | Vaults:1 | Reached skill level 15 in Maces & Flails
 50057 | Depths:1 | Entered Level 1 of the Depths
 50569 | Depths:1 | Reached XP level 19. HP: 140/177 MP: 24/24
 51116 | Depths:1 | Noticed Nikola
 51489 | Vaults:1 | Received a gift from Okawaru
 52311 | Vaults:1 | Received a gift from Okawaru
 52837 | Vaults:1 | Found Ityan's Assorted Antiques.
 52840 | Vaults:1 | Bought a sparkling bronze ring for 145 gold pieces
 52841 | Vaults:1 | Identified the ring "Udeblegg" {rElec rPois Int+6} (You
                  | bought it in a shop on level 1 of the Vaults)
 53402 | Vaults:2 | Received a gift from Okawaru
 53526 | Vaults:2 | Found Yptidgh's Antique Weapon Shoppe.
 54302 | Vaults:2 | Received a gift from Okawaru
 54788 | Vaults:1 | Reached skill level 5 in Evocations
 54847 | Vaults:1 | Received a gift from Okawaru
 55330 | Vaults:3 | Noticed Jory
 55712 | Vaults:3 | Killed Jory
 56319 | Vaults:3 | Received a gift from Okawaru
 56553 | Vaults:3 | Reached XP level 20. HP: 189/189 MP: 25/25
 56800 | Vaults:3 | Found a staircase to the Crypt.
 57011 | Vaults:3 | Noticed Xtahua
 58200 | Vaults:3 | Found Uviocauh's Distillery.
 58689 | Vaults:4 | Received a gift from Okawaru
 59041 | Crypt:1  | Entered Level 1 of the Crypt
 60987 | Crypt:2  | Received a gift from Okawaru
 61162 | Crypt:2  | Noticed a royal mummy
 61168 | Crypt:2  | Noticed Khufu
 61187 | Crypt:2  | Reached skill level 15 in Shields
 61935 | Crypt:2  | Killed Khufu
 61936 | Crypt:2  | Reached XP level 21. HP: 179/200 MP: 26/26
 62320 | Crypt:2  | Killed a royal mummy
 63666 | Crypt:3  | Entered Level 3 of the Crypt
 64004 | Crypt:3  | Received a gift from Okawaru
 64233 | Crypt:3  | Got a scorched flail
 64235 | Crypt:3  | Identified the +4 flail "Jil Civi" {elec, *Slow rF+ Str+4
                  | Int+2} (You found it on level 3 of the Crypt)
 64318 | Crypt:3  | Received a gift from Okawaru
 64756 | Crypt:3  | Noticed Boris
 64771 | Crypt:3  | Killed Boris
 65169 | Crypt:3  | Found a staircase to the Tomb.
 65210 | Crypt:3  | Got heavily runed fire dragon scales
 65212 | Crypt:3  | Identified the +1 fire dragon scales of the Known World
                  | {rF++ rC- rN+++ Str-3 Dex+3 SInv} (You found it on level 3
                  | of the Crypt)
 65551 | Crypt:3  | Found an ancient bone altar of Kikubaaqudgha.
 65564 | Crypt:3  | Noticed an ancient lich
 65568 | Crypt:3  | Killed an ancient lich
 65591 | Crypt:3  | Got a brightly glowing tower shield
 65596 | Crypt:3  | Identified the cursed +0 tower shield "Gyphisax" {Harm
                  | Str+2} (You found it on level 3 of the Crypt)
 65615 | Crypt:3  | Noticed an ancient lich
 65621 | Crypt:3  | Paralysed by an ancient lich for 7 turns
 65633 | Crypt:3  | Killed an ancient lich
 65634 | Crypt:3  | Reached skill level 10 in Evocations
 65651 | Crypt:3  | Identified The Arcane Secrets of Magic
 65987 | Tomb:1   | Entered Level 1 of the Tomb of the Ancients
 66511 | Tomb:1   | Received a gift from Okawaru
 67180 | Tomb:1   | Reached XP level 22. HP: 187/213 MP: 27/27
 67716 | Tomb:1   | Noticed a royal mummy
 68095 | Tomb:1   | Killed a royal mummy
 68527 | Tomb:1   | Noticed a royal mummy
 68536 | Tomb:1   | Killed a royal mummy
 68859 | Tomb:2   | Noticed an ancient lich
 68864 | Tomb:2   | Noticed an ancient lich
 68865 | Tomb:2   | Noticed a royal mummy
 68865 | Tomb:2   | Noticed a royal mummy
 68907 | Tomb:1   | HP: 10/213 [death scarab (7)]
 69368 | Tomb:2   | Killed from afar by a mummy priest

Illustrated notes

Levels and vault maps discovered:
D:1:      lightli_arrival_statuegarden, layout_rooms
D:2:      layout_loops_cross, lemuel_coloured_pillars_altar, uniq_terence
D:3:      layout_basic, lemuel_round_altar, uniq_jessica,
          uniq_crazy_yiuf_cottage, uniq_ijyb
D:4:      kennysheep_spiral_hall, layout_rooms, kennysheep_mini_moat,
          xom_redecorated, uniq_menkaure
D:5:      layout_cave_pools, serial_column_ruins, column_ruins_open_small,
          column_ruins_columns_dead_end, column_ruins_open_tiny,
          column_ruins_corridor_straight, column_ruins_columns_T,
          gammafunk_ghost_stat_death, minivault_5, nicolae_gozag_seed_capital
D:6:      layout_rooms, chequers_garden, minivault_27
D:7:      layout_basic, grunt_temple_overflow_order_and_chaos_2,
          chequers_temple_overflow_statue_of_worship,
          minmay_temple_entry_nine_rooms
D:8:      layout_basic, regret_index_temple_of_mockery
D:9:      layout_rooms, slow_altar_1, elyvilon_altar_4
D:10:     minmay_quarter_circles, layout_basic, serial_shops, shop,
          kennysheep_nondescript
D:11:     lemuel_bear_cage, layout_loops_corners,
          kennysheep_orc_monster_closet_entryway, serial_shops,
          nicolae_shop_overgrown_old_shop, the_bakery, uniq_gastronok
D:12:     layout_roguey, uniq_snorg, uniq_sonja
D:13:     layout_basic, david_vaults_5
D:14:     layout_cave_pools, serial_shops, nicolae_shop_statue_plus,
          uniq_roxanne, uniq_rupert
D:15:     gammafunk_depths_entry_grave, layout_loops_ring, minivault_14,
          uniq_josephine, uniq_louise, uniq_agnes
Temple:   compressed_dpeg_circular_temple
Lair:1:   layout_cave_pods, minmay_lair_oklob_chamber, grunt_megastairs_5,
          lemuel_fruit_tree
Lair:2:   layout_regular_city, cheibrodos_lair_reptile_den
Lair:3:   layout_cave_pods, dummy_snake_entry, gammafunk_lair_bear_cave
Lair:4:   layout_cave_pods, minmay_swamp_entry_eels,
          portal_ice_cave_entry_ice_beasts, nzn_ghost_randoct
Lair:5:   layout_gridlike, minmay_slime_entry_oklob_enclosed, basic_altar,
          serial_forest, infiniplex_forest_side_room,
          infiniplex_forest_straight_3, infiniplex_forest_clump_small,
          infiniplex_forest_lined_3_way, infiniplex_forest_straight_2,
          infiniplex_forest_clump_C, infiniplex_forest_straight_2,
          infiniplex_forest_clump_double, infiniplex_forest_end_1,
          infiniplex_staircase_pool
Lair:6:   evilmike_catoblepas_cave, layout_long_grid, basic_altar, dpeg_oklob_1
Swamp:1:  gammafunk_sealed_arena, layout_falls_marsh,
          nicolae_swamp_feature_on_the_river_bank
Swamp:2:  layout_basic_swamp, evilmike_swamp_ruin_house_1, swamp_pool1,
          lightli_tree_ring
Swamp:3:  layout_basic_swamp, hangedman_swamp_cone, uniq_kirke
Swamp:4:  swamp_basic_johnstein, layout_basic_swamp, swamp_pool5,
          uniq_bai_suzhen
Snake:1:  layout_concentric_octagons
Snake:2:  layout_misc_corridors, library_closet, nicolae_snake_biting_tails,
          lightli_airlock
Snake:3:  layout_rooms, guppyfry_library_mini, grunt_megastairs_2
Snake:4:  grunt_snake_rune_pools, layout_cave_town, grunt_ministairs_2,
          serial_bayou_shore_a
Orc:1:    layout_caves, basic_altar, uniq_maurice
Vaults:1: hangedman_vaults_river_flow, v_misc_2, nicolae_vaults_network_quincunx
          [nicolae_vaults_network_quincunx_subvault,
          nicolae_vaults_network_quincunx_subvault,
          nicolae_vaults_network_quincunx_subvault,
          nicolae_vaults_network_quincunx_subvault,
          nicolae_vaults_network_quincunx_subvault], ontoclasm_vaults_spin,
          hangedman_vaults_restitches, nicolae_vaults_windows_and_doors_thing,
          vaults_room_large_hall, v_misc_23, nicolae_vaults_gold_heap,
          nicolae_vaults_specimen_jars, layout_vaults_big_cross, serial_shops,
          nicolae_shop_crystal, mu_enter_wizlab_5
Vaults:2: hangedman_vaults_corner_blocks, v_misc_14,
          nicolae_vaults_ring_of_whatevers, v_misc_5, layout_vaults_omnigrid,
          serial_shops, shop
Vaults:3: vaults_room_fancy_cross, blue_anna_dwarven_crypt, vaults_room_octagon,
          vaults_room_mumra_shop_pool, hangedman_vaults_locks,
          vaults_room_hallway, hangedman_vaults_stretched_pinwheel,
          hangedman_vaults_nails, vaults_dpeg_encased_lava, vaults_room_boxed,
          vaults_room_door_hall, ontoclasm_vaults_fault,
          nicolae_vaults_halls_meeting, layout_vaults_maze_bifur, serial_glass,
          uniq_jory, uniq_xtahua
Vaults:4: nicolae_vaults_little_squares_1, v_rooms_4, hangedman_vaults_hat,
          nicolae_vaults_diagonal_hallway_7, vaults_room_pools, st_eye,
          hangedman_vaults_trim, ontoclasm_vaults_ring_square, v_misc_2,
          vaults_room_hallway, nicolae_vaults_little_ls, hangedman_vaults_nodes,
          grunt_vaults_focal, vaults_room_door_hall, layout_vaults_omnibox,
          uniq_mennas
Crypt:1:  layout_basic, st_chilly_death, grunt_crypt_arrival_split
Crypt:2:  layout_gridlike, uniq_khufu
Crypt:3:  quadcrypt_mu, uniq_boris
Tomb:1
Tomb:2
Depths:1: layout_big_octagon, pf_hell_entry_tar_river, minivault_14,
          abyss_entry, serial_sigils_hangedman_shear, drop_trap,
          minmay_misc_feat_chi, grunt_ministairs_11, pandoras_box_mu,
          serial_bayou_shore_b, uniq_nikola

Skill      XL: |  1  2  3  4  5  6  7  8  9 10 11 12 13 14 15 16 17 18 19 20 21 22 |
---------------+-------------------------------------------------------------------+-----
Axes           | 3 |  3.9
Short Blades   | 1 2 4 5 7 9 11 12 | 12.7
Armour         | 4 7 9 10 12 13 14 15 17 18 19 20 21 | 21.1
Shields        | 4 7 9 11 12 13 15 | 15.0
Fighting       | 6 8 10 11 12 13 14 16 17 18 19 21 | 21.4
Polearms       | 4 9 11 | 11.7
Invocations    | 3 6 8 |  8.0
Throwing       | 4 5 |  5.8
Slings         | 3 8 11 12 13 | 13.4
Dodging        | 2 6 8 |  8.0
Evocations     | 3 7 11 | 11.9
Maces & Flails | 7 12 15 | 15.8

Action                   |  1- 3 |  4- 6 |  7- 9 | 10-12 | 13-15 | 16-18 | 19-21 | 22-24 || total
-------------------------+-------+-------+-------+-------+-------+-------+-------+-------++-------
Melee: War axe           |     7 |     9 |    96 |       |       |       |       |       ||   112
       Short sword       |    76 |   175 |   344 |   746 |       |       |       |       ||  1341
       Headbutt          |    11 |    35 |    90 |   238 |   506 |   536 |   508 |    20 ||  1944
       Rapier            |       |       |       |   141 |    41 |       |       |       ||   182
       Broad axe         |       |       |       |    39 |       |       |       |       ||    39
       Spear             |       |       |       |    79 |  1750 |  1471 |       |       ||  3300
       Trident           |       |       |       |       |    34 |       |       |       ||    34
       Flail             |       |       |       |       |       |    42 |       |       ||    42
       Whip              |       |       |       |       |       |   204 |       |       ||   204
       Morningstar       |       |       |       |       |       |   350 |  1640 |    98 ||  2088
       Eveningstar       |       |       |       |       |       |   213 |       |       ||   213
 Fire: Fustibalus        |       |       |       |       |   162 |   525 |   626 |    47 ||  1360
Throw: Dart              |    10 |    12 |    42 |    55 |    76 |    35 |     4 |       ||   234
       Javelin           |       |       |       |       |    19 |    49 |     5 |       ||    73
       Boomerang         |       |       |       |       |    65 |     5 |       |       ||    70
Invok: Heroism           |       |       |       |     5 |     9 |     9 |     5 |     3 ||    31
       Finesse           |       |       |       |     1 |     2 |    11 |     5 |     3 ||    22
Evoke: Wand              |       |       |     1 |     2 |     5 |     2 |     1 |       ||    11
       Phantom mirror    |       |       |       |       |       |       |       |     1 ||     1
  Use: Scroll            |       |     5 |     7 |    17 |    11 |     7 |    28 |     3 ||    78
       Potion            |       |       |     2 |     1 |     2 |     2 |     1 |     4 ||    12
 Stab: Invisible         |       |       |       |     3 |       |       |       |       ||     3
Armor: Scale mail        |    31 |     4 |       |       |       |       |       |       ||    35
       Plate armour      |       |    67 |   152 |   279 |   166 |       |       |       ||   664
       Crystal plate arm |       |       |       |       |   425 |   661 |   317 |   132 ||  1535
       Gold dragon scale |       |       |       |       |       |   123 |   303 |       ||   426
Dodge: Dodged            |    12 |    32 |    45 |   133 |   241 |   359 |   292 |   124 ||  1238
Block: Kite shield       |    31 |    72 |   159 |   445 |  1028 |  1731 |  1263 |   227 ||  4956
       Reflection        |       |       |       |       |    29 |   131 |    68 |       ||   228
